| TOP OF THE 1ST |
|
Oakland Athletics batting - Pitching for Boston Red Sox : RHP Jeremy Hernandez
|
|
Pitching: RHP Jeremy Hernandez
|
|
|
Batting: RHB Jason May
|
0-0: Ball 1-0: Called Strike 1-1: Foul Ball, location: 2F 1-2: Strikes out swinging
|
|
Batting: SHB Quincy Bradford
|
0-0: Called Strike 0-1: Swinging Strike 0-2: Strikes out swinging
|
|
Batting: RHB Muneo Kawachi
|
0-0: Foul Ball, location: 2F 0-1: Foul Ball, location: 2F 0-2: SINGLE (Line Drive, 3D, EV 102.5 MPH)
|
|
Batting: LHB Sakae Kasahara
|
0-0: Ball 1-0: Foul Ball, location: 2F 1-1: Foul Ball, location: 2F 1-2: Fielders Choice at 2nd, U6 (Groundball, 4, EV 84.4 MPH)
|
| Top of the 1st over - 0 runs, 1 hit, 0 errors, 1 left on base; Oakland 0 - Boston 0 |
| BOTTOM OF THE 1ST |
|
Boston Red Sox batting - Pitching for Oakland Athletics : RHP Franklin Rojas
|
|
Pitching: RHP Franklin Rojas
|
|
|
Batting: RHB Cesar Breceda
|
0-0: Called Strike 0-1: Ball 1-1: Swinging Strike 1-2: Ball 2-2: Ball 3-2: Foul Ball, location: 2F 3-2: Foul Ball, location: 2F 3-2: Strikes out swinging
|
|
Batting: RHB Nick Esteves
|
0-0: Ball 1-0: Ball 2-0: Foul Ball, location: 2F 2-1: Ball 3-1: Called Strike 3-2: Base on Balls
|
|
Batting: LHB Jarrett Mordecai
|
0-0: Ball 1-0: Foul Ball, location: 2F 1-1: Swinging Strike 1-2: Strikes out looking
|
|
Batting: RHB David Price Jr.
|
0-0: Ball 1-0: Foul Ball, location: 2F 1-1: Called Strike 1-2: Ball 2-2: Foul Ball, location: 2F 2-2: Strikes out swinging
|
| Bottom of the 1st over - 0 runs, 0 hits, 0 errors, 1 left on base; Oakland 0 - Boston 0 |
| TOP OF THE 2ND |
|
Oakland Athletics batting - Pitching for Boston Red Sox : RHP Jeremy Hernandez
|
|
Batting: RHB Tommy Baird
|
0-0: Ball 1-0: Foul Ball, location: 2F 1-1: Foul Ball, location: 2F 1-2: Ground out 6-3 (Groundball, 6M, EV 111.2 MPH)
|
|
Batting: RHB Nick Gentzel
|
0-0: Ball 1-0: Ball 2-0: Called Strike 2-1: Ground out 5-3 (Groundball, 56S, EV 63.8 MPH)
|
|
Batting: RHB Garry Hash
|
0-0: Ball 1-0: Called Strike 1-1: Foul Ball, location: 2F 1-2: Ball 2-2: Strikes out looking
|
| Top of the 2nd over - 0 runs, 0 hits, 0 errors, 0 left on base; Oakland 0 - Boston 0 |
| BOTTOM OF THE 2ND |
|
Boston Red Sox batting - Pitching for Oakland Athletics : RHP Franklin Rojas
|
|
Batting: SHB Greg Shaw
|
0-0: Ball 1-0: Ground out 6-3 (Groundball, 6, EV 103.1 MPH)
|
|
Batting: RHB Roberto Morales
|
0-0: Swinging Strike 0-1: Swinging Strike 0-2: Strikes out swinging
|
|
Batting: LHB Tim Fuller
|
0-0: Ground out 6-3 (Groundball, 6M, EV 99.4 MPH)
|
| Bottom of the 2nd over - 0 runs, 0 hits, 0 errors, 0 left on base; Oakland 0 - Boston 0 |
| TOP OF THE 3RD |
|
Oakland Athletics batting - Pitching for Boston Red Sox : RHP Jeremy Hernandez
|
|
Batting: SHB Robert Santiago
|
0-0: Ball 1-0: Ball 2-0: Foul Ball, location: 2F 2-1: Swinging Strike 2-2: Ball 3-2: SINGLE (Groundball, 34D, EV 109.4 MPH)
|
|
Batting: RHB Tim Cordle
|
0-0: Ball 1-0: Foul Ball, location: 2F 1-1: Ball 2-1: Ball 3-1: Grounds into double play, 4-6-3 (Groundball, 4, EV 105.6 MPH)
|
|
Batting: RHB Jason May
|
0-0: Ball 1-0: Foul Ball, location: 2F 1-1: Ball 2-1: Foul Ball, location: 2F 2-2: Fly out, F7 (Line Drive, 78M, EV 88.8 MPH)
|
| Top of the 3rd over - 0 runs, 1 hit, 0 errors, 0 left on base; Oakland 0 - Boston 0 |
| BOTTOM OF THE 3RD |
|
Boston Red Sox batting - Pitching for Oakland Athletics : RHP Franklin Rojas
|
|
Batting: RHB Sam Saunders
|
0-0: Called Strike 0-1: Called Strike 0-2: Ground out 5-3 (Groundball, 56S, EV 83.8 MPH)
|
|
Batting: SHB Willie Koviak
|
0-0: Called Strike 0-1: Ball 1-1: Ball 2-1: Fly out, F7 (Flyball, 7D, EV 98.1 MPH)
|
|
Batting: RHB Cesar Breceda
|
0-0: Called Strike 0-1: Ball 1-1: Ball 2-1: Called Strike 2-2: Foul Ball, location: 2F 2-2: Fly out, F9 (Flyball, 9, EV 95.6 MPH)
|
| Bottom of the 3rd over - 0 runs, 0 hits, 0 errors, 0 left on base; Oakland 0 - Boston 0 |
| TOP OF THE 4TH |
|
Oakland Athletics batting - Pitching for Boston Red Sox : RHP Jeremy Hernandez
|
|
Batting: SHB Quincy Bradford
|
0-0: Fly out, F7 (Line Drive, 78M, EV 97.5 MPH)
|
|
Batting: RHB Muneo Kawachi
|
0-0: Swinging Strike 0-1: Called Strike 0-2: Strikes out looking
|
|
Batting: LHB Sakae Kasahara
|
0-0: Called Strike 0-1: Fly out, F8 (Flyball, 78S, EV 91.9 MPH)
|
| Top of the 4th over - 0 runs, 0 hits, 0 errors, 0 left on base; Oakland 0 - Boston 0 |
| BOTTOM OF THE 4TH |
|
Boston Red Sox batting - Pitching for Oakland Athletics : RHP Franklin Rojas
|
|
Pitching: RHP Danny Nsoah
|
|
|
Batting: RHB Nick Esteves
|
0-0: Ball 1-0: Called Strike 1-1: Ball 2-1: Ball 3-1: Ground out 6-3 (Groundball, 6, EV 85.6 MPH)
|
|
Batting: LHB Jarrett Mordecai
|
0-0: Swinging Strike 0-1: Ball 1-1: Swinging Strike 1-2: Foul Ball, location: 2F 1-2: Foul Ball, location: 2F 1-2: Ball 2-2: Ball 3-2: Base on Balls
|
|
Batting: RHB David Price Jr.
|
0-0: Called Strike 0-1: Ball 1-1: Ball 2-1: Grounds into double play, 4-6-3 (Groundball, 4MS, EV 78.8 MPH)
|
| Bottom of the 4th over - 0 runs, 0 hits, 0 errors, 0 left on base; Oakland 0 - Boston 0 |
| TOP OF THE 5TH |
|
Oakland Athletics batting - Pitching for Boston Red Sox : RHP Jeremy Hernandez
|
|
Pitching: LHP Danny Schneible
|
|
|
Batting: RHB Tommy Baird
|
0-0: Ball 1-0: Ball 2-0: Ball 3-0: Base on Balls
|
|
Batting: RHB Nick Gentzel
|
0-0: Called Strike 0-1: Grounds into double play, 4-6-3 (Groundball, 4, EV 104.4 MPH)
|
|
Batting: RHB Garry Hash
|
0-0: Ball 1-0: Ground out 1-3 (Groundball, P, EV 74.4 MPH)
|
| Top of the 5th over - 0 runs, 0 hits, 0 errors, 0 left on base; Oakland 0 - Boston 0 |
| BOTTOM OF THE 5TH |
|
Boston Red Sox batting - Pitching for Oakland Athletics : RHP Danny Nsoah
|
|
Now at 1B: Ryan Kinkead
|
|
|
Now at 2B: Ryan Langlois
|
|
|
Now at SS: Robert Santiago
|
|
|
Now in CF: Robby Godwin
|
|
|
Batting: SHB Greg Shaw
|
0-0: Ball 1-0: Foul Ball, location: 2F 1-1: Ground out 1-3 (Groundball, 13, EV 68.8 MPH)
|
|
Batting: RHB Roberto Morales
|
0-0: Swinging Strike 0-1: Ball 1-1: Called Strike 1-2: SINGLE (Line Drive, 8RS, EV 103.1 MPH)
|
|
Batting: LHB Tim Fuller
|
0-0: Ball 1-0: Ball 2-0: Foul Ball, location: 2F 2-1: Ball 3-1: Called Strike 3-2: Foul Ball, location: 2F 3-2: Strikes out looking Roberto Morales is caught stealing 2nd base 2-6 Batter strikes out.
|
| Bottom of the 5th over - 0 runs, 1 hit, 0 errors, 0 left on base; Oakland 0 - Boston 0 |
| TOP OF THE 6TH |
|
Oakland Athletics batting - Pitching for Boston Red Sox : LHP Danny Schneible
|
|
Pitching: RHP Steve Capizzi
|
|
|
Now at C: Jose Diaz
|
|
|
Now at 1B: Ben Ervin
|
|
|
Batting: SHB Robert Santiago
|
0-0: Swinging Strike 0-1: Called Strike 0-2: Strikes out looking
|
|
Batting: RHB Tim Cordle
|
0-0: Called Strike 0-1: Swinging Strike 0-2: Ball 1-2: Ball 2-2: Strikes out looking
|
|
Batting: RHB Ryan Kinkead
|
0-0: Ground out 6-3 (Groundball, P, EV 88.1 MPH)
|
| Top of the 6th over - 0 runs, 0 hits, 0 errors, 0 left on base; Oakland 0 - Boston 0 |
| BOTTOM OF THE 6TH |
|
Boston Red Sox batting - Pitching for Oakland Athletics : RHP Danny Nsoah
|
|
Pitching: RHP Andrew Douglas
|
|
|
Now at C: Al Hernandez
|
|
|
Now at 3B: Travis Robinson
|
|
|
Pinch Hitting: LHB Shoichi Aso
|
0-0: Ball 1-0: Foul Ball, location: 2F 1-1: Foul Ball, location: 2F 1-2: Ball 2-2: Ball 3-2: Base on Balls
|
|
Batting: SHB Willie Koviak
|
0-0: Called Strike Shoichi Aso steals 2nd base 0-1: Swinging Strike 0-2: Ball 1-2: Strikes out swinging
|
|
Pinch Hitting: RHB Alois Wollf
|
0-0: Ball 1-0: Called Strike 1-1: Foul Ball, location: 2F 1-2: Strikes out swinging
|
|
Pinch Hitting: RHB John Chiesa
|
0-0: Ball 1-0: Called Strike 1-1: Foul Ball, location: 2F 1-2: Ball 2-2: Fly out, F9 (Flyball, 89M, EV 85.6 MPH)
|
| Bottom of the 6th over - 0 runs, 0 hits, 0 errors, 1 left on base; Oakland 0 - Boston 0 |
| TOP OF THE 7TH |
|
Oakland Athletics batting - Pitching for Boston Red Sox : RHP Steve Capizzi
|
|
Pitching: RHP Danny Klomp
|
|
|
Now at 2B: Willie Koviak
|
|
|
Now at 3B: Tim Fuller
|
|
|
Now at SS: Alois Wollf
|
|
|
Now in LF: John Chiesa
|
|
|
Now in CF: Shoichi Aso
|
|
|
Now in RF: David Price Jr.
|
|
|
Batting: SHB Ryan Langlois
|
0-0: Ball 1-0: Swinging Strike 1-1: Swinging Strike 1-2: SINGLE (Line Drive, 6MD, EV 96.2 MPH)
|
|
Batting: RHB Robby Godwin
|
0-0: Ball 1-0: Ball 2-0: Called Strike 2-1: Foul Ball, location: 2F 2-2: Ball 3-2: Strikes out swinging
|
|
Batting: RHB Randy Shrewsbury
|
0-0: Foul Ball, location: 2F 0-1: Ball 1-1: Foul Ball, location: 2F 1-2: Strikes out swinging
|
|
Pinch Hitting: RHB C.J. Beavers
|
0-0: Swinging Strike 0-1: Fielders Choice at 2nd, 6-4 (Groundball, 6, EV 83.1 MPH)
|
| Top of the 7th over - 0 runs, 1 hit, 0 errors, 1 left on base; Oakland 0 - Boston 0 |
| BOTTOM OF THE 7TH |
|
Boston Red Sox batting - Pitching for Oakland Athletics : RHP Andrew Douglas
|
|
Pitching: RHP Elijah Everett
|
|
|
Now in RF: C.J. Beavers
|
|
|
Batting: RHB Jose Diaz
|
0-0: Called Strike 0-1: Ball 1-1: Swinging Strike 1-2: Ground out 6-3 (Groundball, 6D, EV 101.2 MPH)
|
|
Pinch Hitting: LHB Kevin McCormic Jr.
|
0-0: Swinging Strike 0-1: Ball 1-1: Ball 2-1: Foul Ball, location: 2F 2-2: Foul Ball, location: 2F 2-2: Foul Ball, location: 2F 2-2: Strikes out swinging
|
|
Batting: SHB Ben Ervin
|
0-0: Foul Ball, location: 2F 0-1: Swinging Strike 0-2: Ball 1-2: Foul Ball, location: 2F 1-2: Strikes out swinging
|
| Bottom of the 7th over - 0 runs, 0 hits, 0 errors, 0 left on base; Oakland 0 - Boston 0 |
| TOP OF THE 8TH |
|
Oakland Athletics batting - Pitching for Boston Red Sox : RHP Danny Klomp
|
|
Pitching: RHP John Jordan
|
|
|
Now in RF: Kevin McCormic Jr.
|
|
|
Pinch Hitting: LHB R.J. O'Brien
|
0-0: SOLO HOME RUN (Line Drive, 9LD, EV 95.0 MPH), Distance : 359 ft
|
|
Batting: LHB Al Hernandez
|
0-0: Called Strike 0-1: Called Strike 0-2: Ball 1-2: Foul Ball, location: 2F 1-2: Strikes out swinging
|
|
Batting: SHB Robert Santiago
|
0-0: Ball 1-0: Swinging Strike 1-1: Swinging Strike 1-2: Foul Ball, location: 2F 1-2: Foul Ball, location: 2F 1-2: Ball 2-2: Foul Ball, location: 2F 2-2: Ground out 4-3 (Groundball, 4, EV 105.0 MPH)
|
|
Batting: RHB Travis Robinson
|
0-0: Ball 1-0: Called Strike 1-1: Foul Ball, location: 2F 1-2: Strikes out swinging
|
| Top of the 8th over - 1 run, 1 hit, 0 errors, 0 left on base; Oakland 1 - Boston 0 |
| BOTTOM OF THE 8TH |
|
Boston Red Sox batting - Pitching for Oakland Athletics : RHP Elijah Everett
|
|
Pitching: RHP Jesus Moreno
|
|
|
Now in LF: R.J. O'Brien
|
|
|
Batting: SHB Marvin Lawrence
|
0-0: Ball 1-0: Called Strike 1-1: Ball 2-1: Ball 3-1: Swinging Strike 3-2: Strikes out swinging
|
|
Pinch Hitting: RHB Itsuo Egami
|
0-0: Ball 1-0: Foul Ball, location: 2F 1-1: Foul Ball, location: 2F 1-2: Foul Ball, location: 2F 1-2: Ground out U3 (Groundball, 3, EV 93.1 MPH)
|
|
Batting: LHB Shoichi Aso
|
0-0: Called Strike 0-1: Ball 1-1: Ball 2-1: Called Strike 2-2: Ball 3-2: Base on Balls
|
|
Batting: SHB Willie Koviak
|
0-0: Ball 1-0: Ball 2-0: Fly out, F9 (Flyball, 89S, EV 97.5 MPH)
|
| Bottom of the 8th over - 0 runs, 0 hits, 0 errors, 1 left on base; Oakland 1 - Boston 0 |
| TOP OF THE 9TH |
|
Oakland Athletics batting - Pitching for Boston Red Sox : RHP John Jordan
|
|
Pitching: RHP Elijah Daniels
|
|
|
Now at 3B: Itsuo Egami
|
|
|
Pinch Hitting: SHB D.J. Codd
|
0-0: Called Strike 0-1: Foul Ball, location: 2F 0-2: Ball 1-2: Ground out 5-3 (Groundball, 56, EV 96.2 MPH)
|
|
Batting: SHB Ryan Langlois
|
0-0: Fly out, F9 (Flyball, 9D, EV 100.6 MPH)
|
|
Batting: RHB Robby Godwin
|
0-0: Foul Ball, location: 2F 0-1: Ball 1-1: Ground out 1-3 (Groundball, 13S, EV 63.1 MPH)
|
| Top of the 9th over - 0 runs, 0 hits, 0 errors, 0 left on base; Oakland 1 - Boston 0 |
| BOTTOM OF THE 9TH |
|
Boston Red Sox batting - Pitching for Oakland Athletics : RHP Jesus Moreno
|
|
Pitching: RHP Orlando Giron
|
|
|
Now at 1B: Jonathan Ellis
|
|
|
Batting: RHB Alois Wollf
|
0-0: Ball 1-0: Fly out, F7 (Flyball, 7LS, EV 82.5 MPH)
|
|
Batting: RHB John Chiesa
|
0-0: Called Strike 0-1: Ball 1-1: Fly out, F8 (Flyball, 78M, EV 98.1 MPH)
|
|
Batting: RHB Jose Diaz
|
0-0: Called Strike 0-1: Ball 1-1: Swinging Strike 1-2: Foul Ball, location: 2F 1-2: Fly out, F4 (Popup, 4, EV 68.1 MPH)
|
| Bottom of the 9th over - 0 runs, 0 hits, 0 errors, 0 left on base; Oakland 1 - Boston 0 |
|